 Dungeon Crawl Stone Soup version 0.22-a0-265-g0d8bc90 (webtiles) character file.

2 MatthieuS the Skirmisher (level 1, 0/12 HPs)
             Began as a Gargoyle Wanderer on Mar 7, 2018.
             Slain by a jackal (1 damage)
             ... on level 2 of the Dungeon.
             The game lasted 00:01:49 (303 turns).

MatthieuS the Skirmisher (Gargoyle Wanderer)         Turns: 303, Time: 00:01:50

Health: 0/12       AC:  4    Str: 14    XL:     1   Next: 30%
Magic:  2/2        EV: 11    Int: 13    God:
Gold:   0          SH:  0    Dex:  9    Spells: 2/2 levels left

rFire    . . .     SeeInvis .   f - +0 club
rCold    . . .     Gourm    .   (no shield)
rNeg     + . .     Faith    .   d - +0 robe
rPois    ∞         Spirit   .   (no helmet)
rElec    +         Reflect  .   (no cloak)
rCorr    .         Harm     .   (no gloves)
MR       .....                  (no boots)
Stlth    ..........             (no amulet)
HPRegen  0.04/turn              b - ring of loudness (curse)
MPRegen  0.08/turn              (no ring)

@: no status effects
A: negative energy resistance 1, electricity resistance, unbreathing,
petrification resistance, rot immunity, AC +2
a: no special abilities


You were on level 2 of the Dungeon.
You were not hungry.

You visited 1 branch of the dungeon, and saw 2 of its levels.

Inventory:

Hand Weapons
 f - a +0 club (weapon)
Armour
 d - a +0 robe (worn)
Jewellery
 b - a cursed ring of loudness (left hand)
   (You found it on level 1 of the Dungeon)
Scrolls
 g - a scroll of identify {unknown}
Potions
 c - a potion of lignification {!q}
Miscellaneous
 a - a box of beasts
Comestibles
 e - a ration


   Skills:
 + Level 2.2 Fighting
   Level 1.0 Axes
 + Level 1.1 Spellcasting
   Level 1.7 Charms
   Level 2.0 Ice Magic
 + Level 1.8 Evocations


You had 2 spell levels left.
You didn't know any spells.

Dungeon Overview and Level Annotations

Branches:
Dungeon (2/15)

Altars:


Innate Abilities, Weirdness & Mutations

You are resistant to torment.
Your stone body is resilient. (AC +2)
You are immune to poison.
You resist negative energy. (rN+)
You are resistant to electric shocks. (rElec)
You can survive without breathing.
You are immune to petrification.
You are immune to rotting.


Message History

The ooze jiggles.
There is an open door here.
Found a ring mail.
The ooze jiggles.
You see here a scroll labeled JUSEROTROIKH.
g - a scroll labeled JUSEROTROIKH An ooze comes into view.
The ooze hits you.
* * * LOW HITPOINT WARNING * * *
The ooze closely misses you. The ooze misses you. The ooze hits you.
* * * LOW HITPOINT WARNING * * *
The ooze hits you but does no damage. The ooze closely misses you.
You open the large door. The ooze misses you.
Found a dagger.
There is a large open door here.
The ooze hits you.
* * * LOW HITPOINT WARNING * * *
There is a large open door here.
The ooze hits you but does no damage.
You open the door. The ooze hits you.
* * * LOW HITPOINT WARNING * * *
Found 7 tomahawks.
There is an open door here.
You see here 7 tomahawks.
The ooze jiggles.
You open the door. The ooze hits you.
* * * LOW HITPOINT WARNING * * *
Found a leather armour.
Found a stone staircase leading down.
There is an open door here.
The ooze jiggles.
There is a stone staircase leading down here.
The ooze closely misses you.
You climb downwards.
A ball python comes into view.
There is a stone staircase leading up here.
A jackal comes into view.
The jackal barks!
You hear a bark!
The jackal moves out of view.
You hear a bark! 2 jackals come into view.
The jackal barks!
Found a golden potion.
Found a stone staircase leading down.
The jackal bites you.
* * * LOW HITPOINT WARNING * * *
The jackal bites you but does no damage.
The jackal bites you.
You die...

##.##..#.#
#......#.#
#.##.#.#.# ##
#.#.#.###...###
#.#...........
.##.###.###...#
........####.###..
###.##..Jh.h.....b
##...@h......
######.###.# #


You could see an ooze, 3 jackals and a bat.

Vanquished Creatures
  A bat (D:1)
  A rat (D:1)
2 creatures vanquished.

Notes
Turn   | Place    | Note
-------+----------+-------------------------------------------
     0 | D:1      | MatthieuS the Gargoyle Wanderer began the quest for the Orb.
     0 | D:1      | MatthieuS set off with: a box of beasts, a potion of lignification {!q}, a +0 robe, a ration, a +0 club
     0 | D:1      | Reached XP level 1. HP: 12/12 MP: 2/2
   303 | D:2      | Slain by a jackal

Vault maps used:
D:1:      wheals_arrival_linesprint
D:2:      first_ration, minivault_23

Action                   || total
-------------------------++-------
Melee: Club              ||    10
Armor: Robe              ||     9
Dodge: Dodged            ||    17

Table legend:
 A = Spawn XP
 B = Non-spawn XP
 C = Spawn XP percentage of total XP
 D = Spawn monster count
 E = Non-spawn monster count
 F = Spawn count percentage of total count
 G = Total turns spent on level
                    A         B        C        D         E        F      G
               +---------+---------+-------+---------+---------+-------+---------
         Total |       0 |       3 |   0.0 |       0 |       2 |   0.0 |   303
               +---------+---------+-------+---------+---------+-------+---------
           D:1 |       0 |       3 |   0.0 |       0 |       2 |   0.0 |   292
               +---------+---------+-------+---------+---------+-------+---------
